 Dungeon Crawl Stone Soup version 0.22.1-1-ga44c0e56f4 (webtiles) character file.

23 Morbidden the Ogre Mage (level 3, 0/31 HPs)
             Began as an Ogre Wizard on Oct 27, 2018.
             Slain by a giant cockroach (2 damage)
             ... on level 2 of the Dungeon.
             The game lasted 00:01:42 (532 turns).

Morbidden the Ogre Mage (Ogre Wizard)                Turns: 532, Time: 00:01:43

Health: 0/31       AC:  3    Str: 11    XL:     3   Next: 0%
Magic:  1/8        EV: 10    Int: 20    God:
Gold:   0          SH:  0    Dex:  7    Spells: 9/10 levels left

rFire    . . .     SeeInvis .   (no weapon)
rCold    . . .     Gourm    .   (no shield)
rNeg     . . .     Faith    .   a - +0 robe
rPois    .         Spirit   .   b - +0 hat
rElec    .         Reflect  .   (no cloak)
rCorr    .         Harm     .   (gloves unavailable)
MR       .....                  (boots unavailable)
Stlth    +.........             (no amulet)
HPRegen  0.10/turn              (no ring)
MPRegen  0.11/turn              (no ring)

@: lethally poisoned (0 -> -2), very slightly contaminated
A: large, unfitting armour, tough skin 1
a: no special abilities


You were on level 2 of the Dungeon.
You were not hungry.

You visited 1 branch of the dungeon, and saw 2 of its levels.

Inventory:

Armour
 a - a +0 robe (worn)
 b - a +0 hat (worn)
Scrolls
 c - a scroll of teleportation {unknown}
Potions
 e - a potion of brilliance {unknown}
 f - a potion of berserk rage {unknown}
Comestibles
 d - a ration


   Skills:
 + Level 1.9 Dodging
 - Level 1.4 Stealth
 + Level 4.1 Spellcasting
 * Level 1.8 Conjurations
   Level 0.8 Summonings
   Level 0.8 Translocations


You had 9 spell levels left.
You knew the following spells:

 Your Spells              Type           Power        Failure   Level  Hunger
a - Magic Dart            Conj           ##..         6%          1    None

Your spell library contained the following spells:

 Spells                   Type           Power        Failure   Level  Hunger
 Blink                    Tloc           N/A          14%         2    #......
 Call Imp                 Summ           #.......     14%         2    #......
 Slow                     Hex            #.......     19%         2    #......
 Conjure Flame            Conj/Fire      #.......     26%         3    ###....
 Mephitic Cloud           Conj/Pois/Air  #.......     30%         3    ###....


Dungeon Overview and Level Annotations

Branches:
Dungeon (2/15)

Altars:
Makhleb
Zin


Innate Abilities, Weirdness & Mutations

You are too large for most types of armour.
You have tough skin. (AC +1)


Message History

Confirm with . or Enter, or press ? or * to list all spells.
Aiming: Magic Dart (safe; 6% risk of failure)
Press: ? - help, Shift-Dir - straight line, f/p - giant cockroach
Aim: a giant cockroach The magic dart hits the giant cockroach.
The giant cockroach barely misses you.
Casting: Magic Dart (safe; 6% risk of failure)
Confirm with . or Enter, or press ? or * to list all spells.
You don't have enough magic to cast that spell.
Unknown command.
Unknown command.
A giant cockroach is nearby!
Unknown command.
The giant cockroach bites you.
* * * LOW HITPOINT WARNING * * *
* * * LOW HITPOINT WARNING * * *
You feel sick.
Unknown command.
The giant cockroach bites you.
You die...

## #..†....#..# ..# .###
#.####.#..## #.####### .).#
#.# ..#.## #....>..#
..)####.# ###.# #.......#
##...##.# ### # #.......#
##.....# #A# #.......#
###.###.###### ######)......#
.......###._.###.s..........#
##.......#...#..@####.......#
#........'...+...# #.......#
.........#......## #.......#
.......##.._..### #.......#
#.......####### #########
#.......# #2# ##.......####
#..$....†# #..........


You could see a giant cockroach.

Vanquished Creatures
  An adder (D:2)
  4 bats (D:1)
  2 kobolds
  A frilled lizard (D:1)
  4 goblins
  3 rats
15 creatures vanquished.

Notes
Turn   | Place    | Note
-------+----------+-------------------------------------------
     0 | D:1      | Morbidden the Ogre Wizard began the quest for the Orb.
     0 | D:1      | Reached XP level 1. HP: 16/16 MP: 5/5
    45 | D:1      | Reached skill level 1 in Conjurations
   166 | D:1      | Reached skill level 4 in Spellcasting
   166 | D:1      | Reached XP level 2. HP: 24/24 MP: 0/7
   192 | D:1      | You fall through a shaft!
   471 | D:2      | Found a burning altar of Makhleb.
   477 | D:2      | Found a glowing silver altar of Zin.
   478 | D:2      | Noticed an angel
   478 | D:2      | Noticed a green death
   510 | D:2      | Reached XP level 3. HP: 13/31 MP: 0/8
   532 | D:2      | Slain by a giant cockroach

Skill      XL: |  1 |
---------------+----+-----
Conjurations   | 1 |  1.8
Spellcasting   | 4 |  4.1
Dodging        | |  1.9
Stealth        | |  1.4
Summonings     | |  0.8
Translocations | |  0.8

Action                   || total
-------------------------++-------
Melee: Unarmed           ||    44
 Cast: Magic Dart        ||    31
Armor: Robe              ||    31
Dodge: Dodged            ||    41
